 Dungeon Crawl Stone Soup version 0.31-a0-217-g58bb5d79cf (webtiles) character file.

Game seed: 811164960834185436

291 qw the Shooter (level 6, -4/51 HPs)
             Began as a Minotaur Hexslinger on July 2, 2023.
             Killed by divine providence
             ... invoked by an orc priest
              (15 damage)
             ... on level 4 of the Dungeon.
             The game lasted 00:01:07 (2469 turns).

qw the Shooter (Minotaur Hexslinger)                Turns: 2469, Time: 00:01:08

Health: -4/51      AC:  6    Str: 12    XL:     6   Next: 10%
Magic:  6/6        EV: 11    Int: 10    God:
Gold:   88         SH:  0    Dex: 15    Spells: 6/7 levels left

rFire   . . .        Y - +2 sling
rCold   . . .        (no shield)
rNeg    . . .        d - +0 ring mail
rPois   .            (helmet restricted)
rElec   .            (no cloak)
rCorr   +            (no gloves)
SInv    .            a - +0 pair of boots
Will    .....        (no amulet)
Stlth   +            e - ring of resist corrosion
HPRegen 0.28/turn    (no ring)
MPRegen 0.10/turn

%: no passive effects
@: no status effects
A: horns 2, retaliatory headbutt
a: no special abilities


You were on level 4 of the Dungeon.
You visited 1 branch of the dungeon, and saw 4 of its levels.

You collected 201 gold pieces.
You spent 113 gold pieces at shops.


Innate Abilities, Weirdness & Mutations

You have a pair of horns on your head.
You reflexively headbutt those who attack you in melee.


   Skills:
 + Level 3.4 Fighting
 - Level 6.3 Ranged Weapons
 - Level 1.0 Armour
 - Level 2.1 Dodging
 - Level 1.0 Spellcasting
 - Level 2.0 Hexes


You had 6 spell levels left.
You knew the following spells:

 Your Spells              Type           Power      Damage    Failure   Level
a - Slow                  Hex            16%        N/A       34%         1

Your spell library contained the following spells:

 Spells                   Type           Power      Damage    Failure   Level
 Inner Flame              Hex/Fire       2%         N/A       83%         3
 Portal Projectile        Hex/Tloc       4%         N/A       83%         3
 Cause Fear               Hex            2%         N/A       98%         4

Inventory:

Hand Weapons
 Y - a +2 sling (weapon)
Armour
 a - a +0 pair of boots (worn)
 c - the +0 robe "Misuf" {rC+ Will- MP+9}
   (You found it on level 4 of the Dungeon)

   rC:        It protects you from cold.
   MP:        It affects your magic capacity (+9).
   Will:      It decreases your willpower.
 d - a +0 ring mail (worn)
Jewellery
 e - a ring of resist corrosion (left hand)
Scrolls
 f - a scroll of identify
Potions
 b - a potion of enlightenment {unknown}
 g - a potion of haste
 h - a potion of mutation {unknown}

Dungeon Overview and Level Annotations

Branches:
Dungeon (4/15)
 Temple: D:4-7

Altars:

Shops:
D:1 ?   D:3 *[[?


Message History

The scorpion is moderately wounded.
You hear a shout!
The scorpion barely misses you. You furiously retaliate!
You headbutt the scorpion.
The scorpion stings you but does no damage.
You shoot a sling bullet. The sling bullet hits the scorpion.
The scorpion is almost dead.
Something hits you but does no damage. The scorpion closely misses you.
Something hits you but does no damage.
You shoot a sling bullet. The sling bullet hits the scorpion.
You kill the scorpion!
Something hits you but does no damage.
Your Ranged Weapons skill increases to level 6!
You have reached level 6!
You shoot a sling bullet. The sling bullet hits the orc.
The orc is severely wounded.
The orc barely misses you. Something hits you but does no damage.
You shoot a sling bullet.
The sling bullet closely misses the orc.
An orc comes into view. It is wielding a +0 whip.
Something hits you but does no damage.
You shoot a sling bullet.
The sling bullet closely misses the orc.
The orc closely misses you.
The orc priest mumbles some strange prayers to Beogh against you.
Beogh smites you!
You hear some strange, mumbled words.
A puff of flame appears from out of thin air!
The puff of flame hits you. The orc barely misses you. You furiously retaliate!
You headbutt the orc.
You kill the orc!
The orc priest calls down the wrath of Beogh upon you.
Beogh smites you! Something hits you but does no damage.
The orc hits you but does no damage.
You shoot a sling bullet. The sling bullet hits the orc.
The orc is severely wounded.
Something hits you.
The orc priest mumbles some strange prayers to Beogh against you.
Beogh smites you!
You die...

###..######...>#..
##)..##.....##.#
###.##.#..###.#
#....#..###.#
###..#....#.#
#.....##.#.#
#.##..##.#.#
#.###.##.#.# ..#
#..%.)@# #.##
#.##.{o# ..
#.##..oo.g.... ###
#.##.#.##.....
..##.#.# ....
###..#.. .o.
#.##### o. #. .


You could see an orc priest and 2 orcs.

Vanquished Creatures
  A scorpion (D:4)
  An orc priest (D:3)
  An iguana (D:3)
  2 orc wizards
  Robin (D:2)
  3 adders
  12 orcs
  2 bats (D:2)
  7 endoplasms
  5 giant cockroaches
  15 goblins
  4 hobgoblins
  4 quokkas
  7 ball pythons
  A frilled lizard (D:2)
  3 kobolds
  6 rats
75 creatures vanquished.

Notes
Turn   | Place    | Note
-------+----------+-------------------------------------------
     0 | D:1      | qw the Minotaur Hexslinger began the quest for the Orb.
     0 | D:1      | Reached XP level 1. HP: 16/16 MP: 1/1
     0 | D:1      | 0 ||| qw: Version: 0.3-a-40-ge99b1a8
     0 | D:1      | 0 ||| qw: Game counter: 62
     0 | D:1      | 0 ||| qw: Melee chars always use a shield: true
     0 | D:1      | 0 ||| qw: God list: Okawaru
     0 | D:1      | 0 ||| qw: Allow faded altars: false
     0 | D:1      | 0 ||| qw: Do Orc after clearing Dungeon:15 true
     0 | D:1      | 0 ||| qw: Do second Lair branch before Depths: true
     0 | D:1      | 0 ||| qw: Lair rune preference: random
     0 | D:1      | 0 ||| qw: Goals: Normal
     0 | D:1      | 0 ||| PLANNING D:1-11
    84 | D:1      | Reached skill level 3 in Ranged Weapons
    96 | D:1      | Reached XP level 2. HP: 23/23 MP: 2/2
   313 | D:1      | Found Roennuwn's Magic Scroll Emporium.
   318 | D:1      | 318 ||| SHOPLISTING scroll of brand weapon (123 gold, have
                  | 40).
   318 | D:1      | 318 ||| SHOPLISTING scroll of enchant armour (97 gold, have
                  | 40).
   318 | D:1      | 318 ||| BUYING scroll of identify (26 gold).
   318 | D:1      | Bought a scroll of identify for 26 gold pieces
   318 | D:1      | 318 ||| SHOPLISTING scroll of identify (26 gold, have 14).
   318 | D:1      | 318 ||| SHOPLISTING scroll of teleportation (39 gold, have
                  | 14).
   520 | D:1      | 520 ||| UPGRADING to +0 ring mail.
   530 | D:1      | 530 ||| DROPPING +0 robe.
   531 | D:1      | 531 ||| UPGRADING to ring of resist corrosion.
   532 | D:1      | 532 ||| READING scroll labelled ESOKHL IREESTREK.
   533 | D:1      | 533 ||| DROPPING scroll of poison.
   620 | D:2      | Noticed Robin
   629 | D:2      | Killed Robin
   630 | D:2      | Reached XP level 3. HP: 22/29 MP: 3/3
   630 | D:2      | 630 ||| FLEEEEING.
   631 | D:2      | 631 ||| FLEEEEING.
   632 | D:2      | 632 ||| FLEEEEING.
   633 | D:2      | 633 ||| FLEEEEING.
   634 | D:2      | 634 ||| FLEEEEING.
   635 | D:2      | 635 ||| FLEEEEING.
   636 | D:2      | 636 ||| FLEEEEING.
   637 | D:2      | 637 ||| FLEEEEING.
   638 | D:2      | 638 ||| FLEEEEING.
   639 | D:2      | 639 ||| FLEEEEING.
   640 | D:2      | 640 ||| FLEEEEING.
   641 | D:2      | 641 ||| FLEEEEING.
   642 | D:2      | 642 ||| FLEEEEING.
   643 | D:2      | 643 ||| FLEEEEING.
   644 | D:2      | 644 ||| FLEEEEING.
   645 | D:2      | 645 ||| FLEEEEING.
   646 | D:2      | 646 ||| FLEEEEING.
   647 | D:2      | 647 ||| FLEEEEING.
   681 | D:2      | Reached skill level 4 in Ranged Weapons
   779 | D:2      | 779 ||| FLEEEEING.
   780 | D:2      | 780 ||| FLEEEEING.
   783 | D:2      | 783 ||| FLEEEEING.
   784 | D:2      | 784 ||| FLEEEEING.
   785 | D:2      | 785 ||| FLEEEEING.
   786 | D:2      | 786 ||| FLEEEEING.
   787 | D:2      | 787 ||| FLEEEEING.
   791 | D:2      | 791 ||| FLEEEEING.
   792 | D:2      | 792 ||| FLEEEEING.
   793 | D:2      | 793 ||| FLEEEEING.
   894 | D:2      | Reached skill level 1 in Armour
  1308 | D:2      | 1308 ||| READING scroll labelled LUZATR BIEDGHI.
  1309 | D:2      | 1309 ||| READING scroll labelled SUOKEL IRRADGH.
  1399 | D:3      | Reached XP level 4. HP: 36/36 MP: 4/4
  1491 | D:3      | Found Ompueh's Armour Emporium.
  1502 | D:3      | 1502 ||| FLEEEEING.
  1503 | D:3      | 1503 ||| FLEEEEING.
  1504 | D:3      | 1504 ||| FLEEEEING.
  1505 | D:3      | 1505 ||| FLEEEEING.
  1506 | D:3      | 1506 ||| FLEEEEING.
  1507 | D:3      | 1507 ||| FLEEEEING.
  1508 | D:3      | 1508 ||| FLEEEEING.
  1509 | D:3      | 1509 ||| FLEEEEING.
  1515 | D:3      | 1515 ||| FLEEEEING.
  1516 | D:3      | 1516 ||| FLEEEEING.
  1517 | D:3      | 1517 ||| FLEEEEING.
  1519 | D:3      | 1519 ||| FLEEEEING.
  1551 | D:3      | 1551 ||| SHOPLISTING +1 pair of boots "Emnipyat" {Str+3}
                  | (250 gold, have 61).
  1566 | D:3      | Found Vuvu Kio's Magic Scroll Shoppe.
  1572 | D:3      | 1572 ||| BUYING scroll of identify (22 gold).
  1572 | D:3      | Bought a scroll of identify for 22 gold pieces
  1572 | D:3      | 1572 ||| BUYING scroll of identify (22 gold).
  1572 | D:3      | Bought a scroll of identify for 22 gold pieces
  1572 | D:3      | 1572 ||| SHOPLISTING scroll of teleportation (33 gold, have
                  | 17).
  1688 | D:3      | Found Voihit's Armour Shoppe.
  1696 | D:3      | 1696 ||| SHOPLISTING +0 pair of gloves (49 gold, have 27).
  1696 | D:3      | 1696 ||| SHOPLISTING +1 pair of boots "Zamonk" {rC+ Int-4
                  | Dex+5} (281 gold, have 27).
  1747 | D:3      | Reached skill level 5 in Ranged Weapons
  1762 | D:3      | Reached XP level 5. HP: 24/42 MP: 5/5
  1831 | D:3      | Found Kileg's Assorted Antiques.
  1887 | D:3      | 1887 ||| SHOPLISTING encrusted wooden wand (92 gold, have
                  | 84).
  1887 | D:3      | 1887 ||| SHOPLISTING pair of runed boots (172 gold, have
                  | 84).
  1887 | D:3      | 1887 ||| BUYING red potion (20 gold).
  1887 | D:3      | Bought a red potion for 20 gold pieces
  1887 | D:3      | 1887 ||| BUYING scroll labelled PEANEITEKE (23 gold).
  1887 | D:3      | Bought a scroll labelled PEANEITEKE for 23 gold pieces
  1887 | D:3      | 1887 ||| SHOPLISTING scroll of identify (46 gold, have 41).
  1986 | D:3      | 1986 ||| UPGRADING to +0 pair of boots.
  1991 | D:3      | 1991 ||| READING scroll labelled PEANEITEKE.
  1994 | D:3      | 1994 ||| READING 3 scrolls of identify.
  1994 | D:3      | 1994 ||| IDENTIFYING red potion
  1995 | D:3      | 1995 ||| READING 2 scrolls of identify.
  1995 | D:3      | 1995 ||| IDENTIFYING cyan potion
  2004 | D:4      | 2004 ||| STAIRDANCE
  2011 | D:3      | HP: 11/44 [iguana (11)]
  2012 | D:3      | 2012 ||| DRINKING potion of heal wounds.
  2017 | D:3      | Reached skill level 3 in Fighting
  2146 | D:4      | 2146 ||| Stepping ~*~*~tactically~*~*~ (outnumbered).
  2351 | D:4      | Identified the +0 robe "Misuf" {rC+ Will- MP+9}
  2456 | D:4      | 2456 ||| Stepping ~*~*~tactically~*~*~ (outnumbered).
  2466 | D:4      | Reached skill level 6 in Ranged Weapons
  2466 | D:4      | Reached XP level 6. HP: 45/51 MP: 6/6
  2469 | D:4      | HP: 11/51 [something (2)]
  2469 | D:4      | Killed from afar by an orc priest

Levels and vault maps discovered:
D:1:      ncdulo_smallfort, layout_basic, serial_shops, shop
D:2:      layout_basic, minmay_misc_feat_plants, minmay_pentomino_t2, uniq_robin
D:3:      layout_basic, serial_shops, shop, shop, shop,
          nicolae_shop_rolling_square
D:4:      layout_rooms, uniq_natasha

Skill      XL: |  1  2  3  4  5 |
---------------+----------------+-----
Ranged Weapons | 3 4 5 6 |  6.3
Fighting       | 2 3 |  3.4
Armour         | 1 |  1.0
Dodging        | |  2.1
Spellcasting   | |  1.0
Hexes          | |  2.0

Action                     |  1- 3 |  4- 6 || total
---------------------------+-------+-------++-------
   Fire: Sling             |    97 |   141 ||   238
    Use: Scroll            |     3 |     3 ||     6
         Potion            |       |     1 ||     1
 Armour: Ring mail         |     6 |    46 ||    52
  Dodge: Dodged            |    11 |    47 ||    58

Table legend:
 A = Non-vault XP
 B = Vault XP
 C = Vault XP percentage of total XP
 D = Non-vault monster count
 E = Vault monster count
 F = Vault count percentage of total count
                 A         B        C        D         E       F
            +---------+---------+-------+---------+---------+-------
      Total |     380 |      36 |   8.7 |      64 |      11 |  14.7
            +---------+---------+-------+---------+---------+-------
        D:1 |      28 |       0 |   0.0 |      17 |       0 |   0.0
        D:2 |      20 |      34 |  63.0 |      12 |      10 |  45.5
        D:3 |     161 |       0 |   0.0 |      20 |       0 |   0.0
        D:4 |     171 |       2 |   1.2 |      15 |       1 |   6.2
            +---------+---------+-------+---------+---------+-------
